 Dungeon Crawl Stone Soup version 0.16.1-18-g436b03c (webtiles) character file.

692 hemol the Cudgeler (level 7, -4/58 HPs)
             Began as a Minotaur Fighter on May 2, 2015.
             Killed from afar by Dowan (22 damage)
             ... with a stone arrow
             ... on level 4 of the Dungeon.
             The game lasted 00:17:08 (2652 turns).

hemol the Cudgeler (Minotaur Fighter)               Turns: 2652, Time: 00:17:09

Health: -4/58      AC:  7    Str: 22    XL:     7   Next: 36%
Magic:  3/3        EV:  8    Int:  5    God:
Gold:   79         SH: 10    Dex: 10    Spells: 0 memorised, 6 levels left

rFire  + . .     SeeInvis .     a - +0 flail
rCold  . . .     Clarity  .     b - +0 scale mail
rNeg   + . .     SustAb   .     c - +0 shield
rPois  .         Gourm    .     (helmet restricted)
rElec  .         Spirit   .     (no cloak)
rCorr  .         Warding  .     (no gloves)
rMut   .         Stasis   .     (no boots)
MR     .....                    (no amulet)
Stlth  ..........               m - ring of protection from fire
                                j - ring of positive energy

@: slowed, very slow, not resistant to hostile enchantments, extremely
unstealthy
A: retaliatory headbutt, horns 2
a: no special abilities


You were on level 4 of the Dungeon.
You were very hungry.

You visited 1 branch of the dungeon, and saw 4 of its levels.

You collected 79 gold pieces.

Inventory:

Hand weapons
 a - a +0 flail (weapon)
 r - a +0 morningstar
Armour
 b - a +0 scale mail (worn)
 c - a +0 shield (worn)
Jewellery
 j - a ring of positive energy (left hand)
 m - a ring of protection from fire (right hand)
Magical devices
 l - a wand of flame (28)
 n - a wand of teleportation (6)
Scrolls
 e - a scroll of random uselessness {unknown}
 f - 3 scrolls of remove curse {unknown}
 g - a scroll of fear {unknown}
 k - a scroll of immolation {unknown}
 o - 2 scrolls of teleportation {unknown}
 p - a scroll of identify {unknown}
 s - a scroll of blinking {unknown}
Potions
 i - a potion of brilliance
Comestibles
 d - a bread ration
 h - 2 slices of pizza
 q - a royal jelly


   Skills:
 - Level 3.8 Fighting
 * Level 7.2 Maces & Flails
 + Level 6.1 Armour
 - Level 0.2 Dodging
 + Level 5.9 Shields


You had 6 spell levels left.
You didn't know any spells.

Dungeon Overview and Level Annotations

Branches:
Dungeon (4/15)
 Temple: D:4-7

Altars:

Annotations:
D:4 Dowan


Innate Abilities, Weirdness & Mutations

You reflexively headbutt those who attack you in melee.
You have a pair of horns on your head.


Message History

You furiously retaliate!
You headbutt Duvessa, but do no damage. You hit Duvessa but do no damage.
Your headbutt misses Duvessa.
Duvessa is almost dead.
Duvessa gestures with her weapon.
You block Duvessa's attack.
Dowan points at you and mumbles some strange words.
The puff of flame hits Duvessa.
Duvessa dies!
Dowan screams in horror.
Dowan seems to find hidden reserves of power!
You block Dowan's attack.
Dowan casts a spell.
Dowan blinks!
Items here: ! ) / [ a short sword; a leather armour; a wand of slowing {zapped: 20}; a red potion Dowan gestures wildly while chanting.
Dowan blinks!
Dowan points at you and mumbles some strange words.
The stone arrow hits you!
You die...

#.. .... .#..##.....
.............
........<......
......(......... ... .
....e...........
.....)............†.....#
......................#
................@###..#
.................# #
.................#
.......#.....###)#
....##.##......#.#
.......##......#.#
...............#.#
.##.#.#..........#
.##.#............##


You could see Dowan.

Vanquished Creatures
  Grinder (D:4)
  A sky beast (D:4)
  Sigmund (D:2)
  2 hounds (D:4)
  2 orc wizards (D:4)
  2 worker ants (D:4)
  Ijyb (D:2)
  6 adders
  4 gnolls (D:4)
  2 worms (D:2)
  3 giant geckos
  An ooze (D:2)
  5 orcs
  2 ball pythons (D:2)
  8 bats
  A bat skeleton (D:4)
  12 goblins
  3 hobgoblins
  7 kobolds
  5 giant cockroaches
  3 giant newts
  8 jackals
  A quokka skeleton (D:4)
  7 rats
88 creatures vanquished.

Vanquished Creatures (others)
  Duvessa (D:4)
1 creature vanquished.

Grand Total: 89 creatures vanquished

Notes
Turn   | Place    | Note
--------------------------------------------------------------
     0 | D:1      | hemol, the Minotaur Fighter, began the quest for the Orb.
     0 | D:1      | Reached XP level 1. HP: 19/19 MP: 1/1
   154 | D:1      | Reached XP level 2. HP: 27/27 MP: 1/1
   317 | D:2      | Reached skill level 4 in Armour
   419 | D:2      | Noticed Ijyb
   431 | D:2      | Killed Ijyb
   431 | D:2      | Reached XP level 3. HP: 25/33 MP: 2/2
   488 | D:2      | Noticed Sigmund
   495 | D:2      | Killed Sigmund
   495 | D:2      | Reached XP level 4. HP: 15/40 MP: 2/2
   768 | D:2      | Reached XP level 5. HP: 26/46 MP: 2/2
  1500 | D:3      | Reached skill level 5 in Armour
  1858 | D:4      | Reached skill level 5 in Maces & Flails
  1870 | D:4      | Reached skill level 5 in Shields
  1906 | D:4      | Reached XP level 6. HP: 40/52 MP: 3/3
  1956 | D:4      | HP: 2/52 [hound[an orc] (1)]
  2082 | D:4      | Noticed Grinder
  2319 | D:4      | Paralysed by Grinder for 5 turns
  2342 | D:4      | Killed Grinder
  2342 | D:4      | Reached skill level 6 in Maces & Flails
  2342 | D:4      | Reached XP level 7. HP: 23/58 MP: 3/3
  2613 | D:4      | Noticed Duvessa
  2613 | D:4      | Noticed Dowan
  2627 | D:4      | Noticed a sky beast
  2645 | D:4      | Killed a sky beast
  2645 | D:4      | Reached skill level 7 in Maces & Flails
  2648 | D:4      | Killed Duvessa
  2652 | D:4      | Killed from afar by Dowan

Action                   |  1- 3 |  4- 6 |  7- 9 || total
-------------------------+-------+-------+-------++-------
Melee: Flail             |    50 |   182 |    43 ||   275
  Use: Potion            |     1 |     4 |       ||     5
  Eat: Chunk             |       |     5 |       ||     5
